 Dungeon Crawl Stone Soup version 0.28-a0-612-gcfc00ec14d (webtiles) character file.

Game seed: 8923795122723520322

35592 pascalblue the Fighter (level 13, -2/112 HPs)
             Began as a Palentonga Fighter on Oct 5, 2021.
             Was a Priest of Uskayaw.
             Slain by a moth of wrath (6 damage)
             ... while petrified by a catoblepas
             ... on level 4 of the Lair of Beasts.
             The game lasted 00:53:03 (16581 turns).

pascalblue the Fighter (Palentonga Fighter)        Turns: 16581, Time: 00:53:05

Health: -2/112     AC: 34    Str: 38    XL:     13   Next: 48%
Magic:  19/19      EV:  1    Int: 10    God:    Uskayaw [***...]
Gold:   1060       SH:  0    Dex: 21    Spells: 12/12 levels left

rFire   . . .      SeeInvis +   m - +5 demon whip (drain)
rCold   + . .      Faith    +   U - +2 kite shield
rNeg    + + +      Spirit   .   D - +6 scale mail of Spring {rPois rC+ Will- Str+4}
rPois   ∞          Reflect  .   (no helmet)
rElec   .          Harm     .   I - +2 cloak
rCorr   .          Rampage  .   l - +2 pair of gloves
Will    +....                   o - +1 barding {Stlth+}
Stlth   +++.......              R - amulet of faith
HPRegen 0.28/turn               f - ring of Lilaf {*Corrode Will+ Str+7 Dex+6}
MPRegen 0.16/turn               y - ring of the Gloaming {Will+ Str+3 Dex+6 SInv}

@: petrified, curled up
A: large, rugged brown scales 3, see invisible, deformed body, roll 1, armoured
tail, reflexive curl
a: Rolling Charge, Renounce Religion, Stomp, Line Pass


You were on level 4 of the Lair of Beasts.
You worshipped Uskayaw.
Uskayaw was aware of your devotion.
You visited 2 branches of the dungeon, and saw 15 of its levels.
You also visited: Ice Cave.

You collected 1060 gold pieces.

Inventory:

Hand Weapons
 a - a +0 vorpal long sword
 m - a +5 demon whip of draining (weapon)
 v - a +1 dire flail of pain
Missiles
 i - 3 atropa-tipped darts
 z - 4 throwing nets
 B - 2 curare-tipped darts
 H - 17 boomerangs
Armour
 b - a +0 scale mail
 c - a +0 buckler
 d - the +1 leather armour "Veyts" {Dex+3}
   (You found it on level 5 of the Dungeon)

   Dex:       It affects your dexterity (+3).
 l - a +2 pair of gloves (worn)
 o - a +1 barding of stealth (worn)
 D - the +6 scale mail of Spring (worn) {rPois rC+ Will- Str+4}
   (You found it on level 8 of the Dungeon)

   Str:       It affects your strength (+4).
   rC:        It protects you from cold.
   rPois:     It protects you from poison.
   Will:      It decreases your willpower.
 E - the +0 leather armour of Action {+Blink Str+3}
   (You found it on level 8 of the Dungeon)

   Str:       It affects your strength (+3).
   +Blink:    It lets you blink.
 I - a +2 cloak (worn)
 S - the +0 tower shield of the Swamp {Fly rC+ Str-2}
   (You found it in an ice cave)

   Str:       It affects your strength (-2).
   rC:        It protects you from cold.
   Fly:       It grants you flight.
 U - a +2 kite shield (worn)
Jewellery
 f - the ring of Lilaf (left hand) {*Corrode Will+ Str+7 Dex+6}
   (You acquired it on level 1 of the Dungeon)

   [ring of dexterity]

   Str:       It affects your strength (+7).
   Dex:       It affects your dexterity (+6).
   *Corrode:  It may corrode you when you take damage.
   Will:      It increases your willpower.
 n - an amulet of magic regeneration
 t - a +6 ring of strength
 w - a +6 ring of intelligence
 y - the ring of the Gloaming (right hand) {Will+ Str+3 Dex+6 SInv}
   (You found it on level 6 of the Dungeon)

   [ring of dexterity]

   Str:       It affects your strength (+3).
   Dex:       It affects your dexterity (+6).
   SInv:      It lets you see invisible.
   Will:      It increases your willpower.
 L - a +4 ring of evasion
 R - an amulet of faith (around neck)
 V - a +4 ring of slaying
Wands
 C - a wand of flame (49)
 F - a wand of polymorph (7)
 J - a wand of iceblast (18)
 K - a wand of digging (11)
Scrolls
 p - 7 scrolls of teleportation
 s - 2 scrolls of magic mapping
 G - a scroll of fear
 T - a scroll of brand weapon
 Y - a scroll of acquirement
Potions
 e - a potion of degeneration
 g - 5 potions of heal wounds
 h - 2 potions of ambrosia
 j - a potion of flight
 k - 3 potions of attraction
 q - 5 potions of curing
 r - 3 potions of haste
 u - a potion of might
 x - 3 potions of brilliance
 A - a potion of cancellation
 M - 3 potions of mutation
 N - 2 potions of magic
 P - a potion of berserk rage {unknown}
 X - 2 potions of lignification {unknown}
Miscellaneous
 O - a condenser vane
 Q - a condenser vane


   Skills:
 + Level 10.8 Fighting
 - Level 3.0 Long Blades
 + Level 10.2 Maces & Flails
 + Level 9.1 Armour
 - Level 0.6 Dodging
 - Level 4.0 Stealth
 + Level 8.9 Shields
 + Level 9.2 Invocations
 + Level 5.5 Evocations


You had 12 spell levels left.
You didn't know any spells.
Your spell library contained the following spells:

 Spells                   Type           Power      Damage    Failure   Level
 Magic Dart               Conj           0%         1d3       54%         1
 Corpse Rot               Necr/Air       N/A        N/A       67%         2
 Poisonous Vapours        Pois/Air       0%         N/A       67%         2
 Searing Ray              Conj           0%         2d4       67%         2
 Slow                     Hex            0%         N/A       67%         2
 Confusing Touch          Hex            0%         N/A       88%         3
 Dazzling Flash           Conj/Hex       0%         N/A       88%         3
 Frozen Ramparts          Ice            0%         1d2       88%         3
 Ozocubu's Armour         Ice            0%         N/A       88%         3
 Tukima's Dance           Hex            0%         N/A       88%         3
 Vampiric Draining        Necr           0%         2d6       88%         3
 Fulminant Prism          Conj/Hex       0%         3d6       99%         4
 Ice Form                 Ice/Tmut       0%         N/A       99%         4
 Iskenderun's Mystic Bla  Conj/Tloc      0%         2d3       99%         4
 Leda's Liquefaction      Hex/Erth       0%         N/A       99%         4
 Passage of Golubria      Tloc           N/A        N/A       99%         4
 Summon Ice Beast         Ice/Summ       0%         N/A       99%         4
 Agony                    Necr           0%         N/A       100%        5
 Lee's Rapid Deconstruct  Erth           0%         3d5*      100%        5
 Metabolic Englaciation   Hex/Ice        0%         N/A       100%        5
 Silence                  Hex/Air        0%         N/A       100%        5
 Yara's Violent Unravell  Hex/Tmut       0%         3d3       100%        5
 Simulacrum               Ice/Necr       0%         N/A       100%        6
 Starburst                Conj/Fire      0%         6d3       100%        6
 Statue Form              Tmut/Erth      0%         N/A       100%        6


Dungeon Overview and Level Annotations

Branches:
Dungeon (10/15)            Temple (0/1) D:4            Lair (5/6) D:8
  Swamp (0/4) Lair:3          Orc (0/2) D:9           IceCv (visited)
  Snake: Lair:2-4    Spider: Lair:2-4     Slime: Lair:5-6

Altars:
Uskayaw

Shops:
D:9 *(

Annotations:
Lair:4 1 transporter, Luuqe's ghost, journeyman MfGl


Innate Abilities, Weirdness & Mutations

You are completely covered in rugged brown scales. (AC +3, +7% HP)
You have supernaturally acute eyesight. (SInv)
Armour fits poorly on your strangely shaped body.
You can roll at nearby foes to attack.
You have a long armoured tail.
You curl defensively after being hit.


Message History

The catoblepas gores you!! The death yak gores you. Luuqe's ghost hits you.
The bullfrog hits you but does no damage.
The cane toad stings you but does no damage.
The death yak is no longer sharing its pain.
The catoblepas gores you!!
The moth of wrath bites you but does no damage.
The bullfrog hits you but does no damage.
The death yak gores you but does no damage.
Luuqe's ghost hits you! The cane toad stings you.
The catoblepas gores you but does no damage.
The bullfrog is no longer sharing its pain.
Luuqe's ghost is no longer sharing its pain.
The moth of wrath is no longer sharing its pain.
The bullfrog hits you but does no damage.
The moth of wrath bites you but does no damage.
The catoblepas gores you!
The death yak gores you but does no damage.
The cane toad stings you but does no damage.
Luuqe's ghost hits you.
The bullfrog hits you but does no damage.
The moth of wrath angrily waves its antennae.
The moth of wrath bites you!
The catoblepas is no longer sharing its pain.
The catoblepas gores you!!
The bullfrog hits you but does no damage.
The cane toad stings you but does no damage.
The death yak gores you but does no damage.
Luuqe's ghost hits you!
* * * LOW HITPOINT WARNING * * *
The moth of wrath bites you but does no damage.
The catoblepas gores you.
* * * LOW HITPOINT WARNING * * *
The bullfrog hits you but does no damage.
The cane toad stings you!
* * * LOW HITPOINT WARNING * * *
The catoblepas gores you!!
* * * LOW HITPOINT WARNING * * *
The death yak gores you but does no damage.
The moth of wrath bites you!
You die...

####...#.............
####.##...#.............
###.##.................#..
##P.....####©###.......#...
#...#####. ###©##..........
##..#....# .....##.........
#..##...#. [#....#......#..
#..#.....F#Y.##..#.....#...
#..#..##.y@F.#...#.........
#..#.....#YW?..#.##........
##.##.##..[###....#........
##..#Yy../?}(.#..##........
#.#.##..##### .###.........
##...####.©.####...........
###.......................
##......................
##...#..........#...###


You could see a death yak (drained), a catoblepas (berserk), a moth of wrath, a
cane toad (drained), a bullfrog and Luuqe's ghost.

Vanquished Creatures
  Nessos (Lair:4)
  4 hydras
  Fannar (Lair:2)
  Erica (D:9)
  A catoblepas (Lair:2)
  A boulder beetle (D:10)
  A two-headed ogre (D:9)
  6 death yaks (Lair:3)
  A bog body (Lair:3)
  An ugly thing (IceCv)
  3 ice statues (IceCv)
  5 elephants (Lair:3)
  2 black mambas (Lair:1)
  Maurice (D:10)
  A molten gargoyle (Lair:3)
  9 cane toads
  2 rime drakes
  An anaconda simulacrum (IceCv)
  A freezing wraith (IceCv)
  3 komodo dragons
  2 ice devils (Lair:2)
  A troll (D:9)
  12 blink frogs
  A vampire (D:6)
  6 wyverns
  31 yaks
  2 basilisks
  5 humans (D:7)
  2 steam dragons
  2 wargs (D:9)
  Edmund (D:4)
  2 swamp worms (Lair:3)
  A harpy simulacrum (IceCv)
  11 water moccasins
  4 necrophages
  A black bear (D:8)
  3 ogres
  23 wolves
  A centaur (D:5)
  2 kobold brigands
  5 bullfrogs
  A gnoll sergeant (D:9)
  2 cane toad simulacra (IceCv)
  A scorpion (D:4)
  A water moccasin skeleton (D:5)
  2 elephant simulacra (IceCv)
  3 howler monkeys (D:10)
  9 killer bees (D:10)
  13 wights
  3 electric eels
  2 jellies
  3 centaur zombies
  A gnoll shaman (D:10)
  4 hounds
  5 orc priests
  Jessica (D:2)
  Terence (D:3)
  3 iguanas
  An orc wizard (D:10)
  A polar bear simulacrum (IceCv)
  A wolf simulacrum (IceCv)
  A howler monkey zombie (D:6)
  12 gnolls
  7 adders
  An ufetubus (D:6)
  A worm (D:3)
  The ghost of AttackTheMoon the Sneak, a weakling OpDe (D:5)
  A dart slug (D:1)
  9 orcs
  3 bats
  8 endoplasms
  7 giant cockroaches
  6 hobgoblins
  6 jackals
  8 ball pythons
  9 frilled lizards
  10 goblins
  21 kobolds
  5 rats
  A spectral kobold (D:1)
339 creatures vanquished.

Vanquished Creatures (others)
  7 fungi
  25 plants
32 creatures vanquished.

Grand Total: 371 creatures vanquished

Notes
Turn   | Place    | Note
-------+----------+-------------------------------------------
     0 | D:1      | pascalblue the Palentonga Fighter began the quest for the
                  | Orb.
     0 | D:1      | Reached XP level 1. HP: 19/19 MP: 1/1
    15 | D:1      | Found a faded altar of an unknown god.
   166 | D:1      | Reached XP level 2. HP: 15/25 MP: 2/2
   873 | D:1      | Reached XP level 3. HP: 23/31 MP: 3/3
  1258 | D:1      | Identified a scroll of acquirement
  1258 | D:1      | Acquired the ring of Lilaf {*Corrode Will+ Str+7 Dex+6}
  1770 | D:2      | Noticed Jessica
  1778 | D:2      | Killed Jessica
  1779 | D:2      | Reached XP level 4. HP: 31/37 MP: 4/4
  2409 | D:3      | You fall into a shaft and drop 3 floors!
  2481 | D:6      | Noticed an ogre
  2487 | D:6      | Killed an ogre
  2488 | D:6      | Reached skill level 1 in Maces & Flails
  2488 | D:6      | Reached XP level 5. HP: 43/43 MP: 5/5
  2582 | D:5      | Entered Level 5 of the Dungeon
  2648 | D:5      | Identified the +1 leather armour "Veyts" {Dex+3}
  2700 | D:5      | Acquired a +1 barding of stealth
  2752 | D:5      | Noticed a necrophage
  2761 | D:5      | Killed a necrophage
  2762 | D:5      | Reached XP level 6. HP: 49/51 MP: 6/6
  2963 | D:5      | Reached skill level 1 in Stealth
  3036 | D:5      | Found a runed translucent gate.
  3036 | D:5      | Noticed AttackTheMoon's ghost (weakling OpDe)
  3037 | D:5      | Found a runed translucent gate.
  3087 | D:5      | Gained mutation: You curl defensively after being hit.
                  | [Palentonga growth]
  3087 | D:5      | Reached XP level 7. HP: 47/58 MP: 7/7
  3319 | D:5      | Found a runed translucent gate.
  3356 | D:5      | Killed AttackTheMoon's ghost
  3828 | D:4      | Found a staircase to the Ecumenical Temple.
  3829 | D:4      | Noticed Edmund
  3837 | D:4      | Killed Edmund
  3838 | D:4      | Reached skill level 5 in Fighting
  3846 | D:4      | Reached XP level 8. HP: 61/66 MP: 8/8
  3977 | D:4      | Found a hide-covered altar of Uskayaw.
  4000 | D:4      | Became a worshipper of Uskayaw the Reveller
  4062 | D:4      | Reached * piety under Uskayaw
  4165 | D:4      | Reached ** piety under Uskayaw
  4167 | D:4      | Reached *** piety under Uskayaw
  4746 | D:3      | Noticed Terence
  4757 | D:3      | Killed Terence
  5289 | D:6      | Identified the ring of the Gloaming {Will+ Str+3 Dex+6
                  | SInv}
  5766 | D:6      | Reached skill level 5 in Armour
  5997 | D:7      | Reached skill level 5 in Maces & Flails
  6110 | D:7      | Reached XP level 9. HP: 48/71 MP: 9/9
  6112 | D:7      | Reached **** piety under Uskayaw
  6482 | D:7      | Reached skill level 5 in Shields
  7296 | D:8      | Identified the +6 scale mail of Spring {rPois rC+ Will-
                  | Str+4}
  7404 | D:8      | Found a staircase to the Lair.
  7420 | D:8      | Reached skill level 1 in Invocations
  7424 | D:8      | Reached ***** piety under Uskayaw
  7429 | D:8      | Reached ****** piety under Uskayaw
  7453 | D:8      | Reached XP level 10. HP: 44/84 MP: 11/11
  7935 | D:8      | Identified the +0 leather armour of Action {+Blink Str+3}
  8240 | D:9      | Found Veher's General Store.
  8313 | D:9      | Noticed a two-headed ogre
  8326 | D:9      | Killed a two-headed ogre
  8535 | D:9      | Found Ottalay's Weapon Emporium.
  8628 | D:9      | Found a staircase to the Orcish Mines.
  8967 | D:9      | Noticed Erica
  8976 | D:9      | Killed Erica
  9416 | D:10     | Entered Level 10 of the Dungeon
  9467 | D:10     | Identified the +0 leather armour of the Catfish {rF+ Int+3}
  9658 | D:10     | Noticed Maurice
  9672 | D:10     | Killed Maurice
  9976 | D:10     | Noticed a boulder beetle
  9992 | D:10     | Killed a boulder beetle
  9993 | D:10     | Reached skill level 5 in Invocations
  9993 | D:10     | Reached XP level 11. HP: 81/92 MP: 14/14
 10529 | Lair:1   | Entered Level 1 of the Lair of Beasts
 11435 | Lair:2   | Noticed a five-headed hydra
 11444 | Lair:2   | Killed a five-headed hydra
 11450 | Lair:2   | Reached skill level 1 in Evocations
 11607 | Lair:2   | Found a frozen archway.
 11626 | IceCv    | Entered an ice cave
 11644 | IceCv    | Noticed a white ugly thing
 11655 | IceCv    | Killed a white ugly thing
 12876 | IceCv    | Reached XP level 12. HP: 66/101 MP: 17/17
 12893 | IceCv    | Identified the +0 tower shield of the Swamp {Fly rC+ Str-2}
 13252 | Lair:2   | Noticed Fannar
 13262 | Lair:2   | Killed Fannar
 13462 | Lair:2   | Noticed a catoblepas
 13469 | Lair:2   | Killed a catoblepas
 13975 | Lair:3   | Noticed a four-headed hydra
 13985 | Lair:3   | Killed a four-headed hydra
 14255 | Lair:3   | Noticed a death yak
 14272 | Lair:3   | Killed a death yak
 14300 | Lair:3   | Noticed a death yak
 14305 | Lair:3   | Noticed a death yak
 14312 | Lair:3   | Noticed a death yak
 14316 | Lair:3   | Noticed a death yak
 14316 | Lair:3   | Noticed a death yak
 14346 | Lair:3   | Killed a death yak
 14360 | Lair:3   | Killed a death yak
 14361 | Lair:3   | Reached skill level 10 in Fighting
 14362 | Lair:3   | Killed a death yak
 14365 | Lair:3   | Killed a death yak
 14372 | Lair:3   | Killed a death yak
 14718 | Lair:3   | Noticed a six-headed hydra
 14728 | Lair:3   | Killed a six-headed hydra
 14818 | Lair:3   | Reached XP level 13. HP: 87/111 MP: 19/19
 14990 | Lair:3   | Found a staircase to the Swamp.
 15649 | Lair:3   | Reached skill level 5 in Evocations
 15790 | Lair:4   | Reached skill level 10 in Maces & Flails
 16065 | Lair:4   | Noticed Nessos
 16089 | Lair:4   | Killed Nessos
 16455 | Lair:4   | You fall into a shaft and drop 1 floor!
 16497 | Lair:4   | Found a transporter.
 16500 | Lair:4   | Noticed Luuqe's ghost (journeyman MfGl)
 16530 | Lair:4   | Found a transporter.
 16581 | Lair:4   | HP: 4/112 [catoblepas (16)]
 16581 | Lair:4   | Slain by a moth of wrath

Illustrated notes

Levels and vault maps discovered:
D:1:      minmay_arrival_nine_rooms, layout_rooms,
          dreamdust_ecumenical_altar_drowned_temple
D:2:      minmay_general_purpose_star, layout_rooms, uniq_jessica
D:3:      layout_basic, nrook_campfire, minmay_fractal_squares_diagonal_5,
          uniq_terence
D:4:      layout_loops_ring, nicolae_uskayaw_dance_hall, temple_pool_b,
          uniq_edmund
D:5:      gammafunk_ghost_split, layout_basic, nrook_mini_vaults
D:6:      layout_basic, minivault_14
D:7:      layout_basic, minivault_24, minmay_ruffians
D:8:      layout_basic, minmay_lair_entry_grove
D:9:      layout_irregular_city, david_orc_3, serial_shops,
          nicolae_stop_n_shop_2, minmay_shop_grid_forest, due_unseen_surprise,
          uniq_erica
D:10:     layout_basic, uniq_maurice
Lair:1:   layout_chaotic_city, serial_bayou_shore_b
Lair:2:   layout_roguey, portal_ice_cave_demonic_guard,
          chequers_serial_rivers_micro_c, st_stairs_12, lemuel_fruit_tree,
          grunt_megastairs_3, serial_bayou_shore_b, serial_bayou_shore_a,
          uniq_fannar
Lair:3:   layout_gridlike, nicolae_swamp_entry_splash_gauntlet,
          lightli_volcano_entry_magma_tube
Lair:4:   layout_cave_shapes, spider_nest_entry_a,
          gammafunk_ghost_berserking_beasts, minmay_lair_oklob_items,
          uniq_nessos
Lair:5:   layout_regular_city, dpeg_slime_entry_enclosed_altar, st_stairs_4,
          uniq_josephine

Skill      XL: |  1  2  3  4  5  6  7  8  9 10 11 12 13 |
---------------+----------------------------------------+-----
Armour         | 3 4 5 6 7 8 9 |  9.1
Long Blades    | 3 |  3.0
Maces & Flails | 1 2 3 4 5 6 7 8 9 10 | 10.2
Fighting       | 4 5 6 7 8 9 10 | 10.8
Shields        | 3 4 5 6 7 8 |  8.9
Stealth        | 1 2 3 4 |  4.0
Invocations    | 2 5 6 8 9 |  9.2
Evocations     | 2 4 5 |  5.5
Dodging        | |  0.6

Action                   |  1- 3 |  4- 6 |  7- 9 | 10-12 | 13-15 || total
-------------------------+-------+-------+-------+-------+-------++-------
Melee: Long sword        |   102 |     2 |       |       |       ||   104
       Tailslap          |     6 |     9 |    47 |   143 |    39 ||   244
       Demon whip        |       |    74 |   235 |   508 |   146 ||   963
Invok: Line Pass         |       |       |       |     4 |     1 ||     5
       Stomp             |       |       |       |     3 |       ||     3
 Abil: Rolling Charge    |     6 |       |     1 |     9 |     3 ||    19
  Use: Scroll            |     3 |     8 |     9 |     8 |     4 ||    32
       Potion            |     1 |       |       |     2 |     2 ||     5
 Stab: Sleeping          |       |     1 |     4 |     5 |       ||    10
       Paralysed         |       |       |     1 |    34 |    15 ||    50
       Distracted        |       |       |       |     1 |       ||     1
Armor: Scale mail        |    66 |    24 |    24 |   279 |    94 ||   487
       Leather armour    |       |    11 |    77 |       |       ||    88
Dodge: Dodged            |    42 |    22 |    53 |   121 |    21 ||   259
Block: Buckler           |    33 |    30 |    38 |   137 |       ||   238
       Kite shield       |       |       |       |    16 |    70 ||    86

Table legend: (Time is in decaauts)
 A = Elapsed time spent in this place.
 B = Non-inter-level travel time spent in this place.
 C = Inter-level travel time spent in this place.
 D = Time resting spent in this place.
 E = Time spent auto-exploring this place.
 F = Levels seen in this place.
 G = Mean time per level.
                   A        B        C        D        E       F      G
               +--------+--------+--------+--------+--------+-----+--------+
         Total |  16393 |  16026 |    367 |   1938 |  10145 |  16 | 1024.6 |
       Dungeon |  10494 |  10189 |    305 |    770 |   6730 |  10 | 1049.4 |
          Lair |   4440 |   4378 |     62 |    119 |   3235 |   5 |  888.0 |
      Ice Cave |   1458 |   1458 |      0 |   1049 |    179 |   1 | 1458.0 |
               +--------+--------+--------+--------+--------+-----+--------+

Top non-repeatable levels by time:
  Lair:3: 1734 daAuts
   IceCv: 1458 daAuts
     D:1: 1335 daAuts
     D:5: 1233 daAuts
     D:8: 1229 daAuts
     D:7: 1177 daAuts
     D:9: 1173 daAuts
    D:10: 1053 daAuts
  Lair:2: 1044 daAuts
     D:6: 1001 daAuts
     D:2: 956 daAuts
  Lair:1: 884 daAuts
     D:4: 784 daAuts
  Lair:4: 754 daAuts
     D:3: 549 daAuts
